AoeStats
← A Wooden Lamp

Black Forest

509559884Analyzed
2v2 RM · 6d ago on Sep 27, 2026· 27m 32s· 4 players
Game mode
Random Map
Map size
Medium (4 player)
Population
200
Speed
Normal
Resources
Standard
Victory
Conquest
Starting age
Dark Age
Ending age
Imperial Age
RankedLock teamsTeams togetherTeam positionsShared explorationLock speedFull tech treeHidden civsTurbo modeCheats
Victory
Defeat
🇮🇳 Burgundians · India
1219
+11
🇺🇦 Spanish · Ukraine
1132
+15
🇦🇺 Britons · Australia
1139
-14
🇦🇺 Bohemians · Australia
1084
-12
buddy219755
9:49 Loom
11:42 Feudal Age
11:22 Double-Bit Axe
16:14 Castle Age
14:40 Bow Saw
14:42 Horse Collar
16:41 Scale Mail Armor
17:01 Squires
19:40 Forging
19:48 Chain Mail Armor
21:15 Arson
21:42 Forging
21:33 Gold Mining
24:38 Loom
27:02 Wheelbarrow
Sealion42
0:38 Loom
12:02 Feudal Age
12:05 Man-at-Arms
19:14 Double-Bit Axe
24:06 Castle Age
22:27 Bloodlines
22:01 Horse Collar
23:57 Forging
23:54 Scale Barding Armor
26:45 Chain Barding Armor
eNF-
0:32 Loom
12:03 Feudal Age
12:54 Feudal Age
17:45 Castle Age
22:22 Double-Bit Axe
A Wooden Lamp
0:56 Loom
12:29 Feudal Age
16:37 Castle Age
17:23 Double-Bit Axe
17:24 Horse Collar
18:43 Bow Saw
18:35 Heavy Plow
23:03 Wheelbarrow
24:19 Hand Cart
27:03 Gold Mining
Connection lost

Rejoining the realm…

Still unreachable

The connection could not be restored.

Session expired

The server has moved on; the page needs a fresh start.